 Dungeon Crawl Stone Soup version 0.31-a0-1611-g890cdf5628 (webtiles) character file.

Game seed: 2734245142464152769

1129 jlumianski the Ruffian (level 8, 0/60 HPs)
             Began as a Gnoll Shapeshifter on Jan 9, 2024.
             Slain by a gnoll
             ... wielding a +0 spear
             ... led by a gnoll bouda
              (2 damage)
             ... on level 5 of the Dungeon.
             The game lasted 00:16:00 (4897 turns).

jlumianski the Ruffian (Gnoll Shapeshifter)         Turns: 4897, Time: 00:16:00

Health: 0/60       AC:  1    Str: 16    XL:     8   Next: 35%
Magic:  10/13      EV: 18    Int: 15    God:
Gold:   265        SH:  0    Dex: 12    Spells: 8/13 levels left

rFire   + .          .
                       - Unarmed
rCold   . . .        (shield currently unavailable)
rNeg    . . .        w - melded +0 chain mail
rPois   .            g - +0 helmet
rElec   .            (no cloak)
rCorr   .            (no gloves)
SInv    .            (no boots)
Will    .....        (no amulet)
Stlth   +            y - +6 ring of intelligence
HPRegen 0.30/turn    x - ring of protection from fire
MPRegen 0.13/turn

%: no passive effects
@: flux-form, glowing
A: glow, contaminating, fangs 1, strong nose, distributed training
a: Begin Untransformation


You were on level 5 of the Dungeon.
You were something dangerously unstable.
You visited 1 branch of the dungeon, and saw 6 of its levels.

You collected 265 gold pieces.

Inventory:

Hand Weapons
 e - a +0 dagger
 f - a +2 dagger of protection
 h - a +1 dagger of venom
 k - a +1 short sword of draining
Missiles
 t - 8 boomerangs (quivered)
Armour
 a - a +0 animal skin
 g - a +0 helmet (worn)
 j - a +0 leather armour
 p - a +0 scale mail
 w - a +0 chain mail (melded)
Jewellery
 i - a ring of protection from cold
 q - a ring of fire
 x - a ring of protection from fire (right hand)
 y - a +6 ring of intelligence (left hand)
Talismans
 c - a beast talisman
 d - a flux talisman (active)
Wands
 v - a wand of acid (10)
Scrolls
 l - a scroll of revelation
 m - a scroll of enchant weapon
 n - 3 scrolls of immolation
Potions
 b - 3 potions of brilliance {unknown}
 o - 2 potions of attraction
 r - 2 potions of curing
 s - 2 potions of resistance


   Skills:
 + Level 4.2 Fighting
 + Level 3.3 Short Blades
 + Level 3.3 Long Blades
 + Level 3.3 Axes
 + Level 3.3 Maces & Flails
 + Level 3.3 Polearms
 + Level 3.3 Staves
 + Level 3.3 Ranged Weapons
 + Level 3.3 Throwing
 + Level 3.3 Armour
 + Level 5.7 Dodging
 + Level 3.3 Stealth
 + Level 3.3 Shields
 + Level 7.4 Unarmed Combat
 + Level 3.3 Spellcasting
 + Level 2.7 Conjurations
 + Level 2.7 Hexes
 + Level 2.7 Summonings
 + Level 2.7 Necromancy
 + Level 2.7 Translocations
 + Level 2.7 Fire Magic
 + Level 2.7 Ice Magic
 + Level 2.7 Air Magic
 + Level 2.7 Earth Magic
 + Level 2.7 Alchemy
 + Level 3.6 Invocations
 + Level 3.3 Evocations
 + Level 7.2 Shapeshifting


You had 8 spell levels left.
You knew the following spells:

 Your Spells              Type           Power      Damage    Failure   Level
a - Summon Small Mammal   Summ           40%        N/A       6%          1
b - Scorch                Fire           20%        2d5       10%         2
c - Lesser Beckoning      Tloc           20%        N/A       10%         2

Your spell library contained the following spells:

 Spells                   Type           Power      Damage    Failure   Level
 Call Canine Familiar     Summ           10%        N/A       19%         3
 Gell's Gravitas          Tloc           10%        N/A       19%         3
 Teleport Other           Tloc           10%        N/A       19%         3
 Flame Wave               Conj/Fire      10%        2d6       54%         4
 Summon Blazeheart Golem  Fire/Summ      10%        N/A       54%         4
 Summon Cactus Giant      Summ           5%         N/A       100%        6


Dungeon Overview and Level Annotations

Branches:
Dungeon (6/15)
 Temple: D:4-7

Altars:
Ashenzari
Fedhas
Okawaru
Uskayaw


Innate Abilities, Weirdness & Mutations

You are something dangerously unstable.
You glow with magical radiation, making you easy to see and hit.
Foes you strike become dangerously contaminated with magical radiation.
You are incapable of wielding weapons or throwing items.
You have very sharp teeth.
Your uncanny sense of smell can sniff out nearby items.
Your experience applies equally to all skills.


Message History

The phantom misses you.
You closely miss the phantom. Your bite misses the phantom.
The phantom is severely damaged.
The phantom closely misses you.
You closely miss the phantom.
The phantom is severely damaged.
The phantom hits you!
The phantom blinks!
You blink.
The phantom attacks as it pursues you! The phantom misses you.
The gnoll attacks as it pursues you! The gnoll barely misses you.
You punch the phantom!
The phantom begins to glow.
Your bite misses the phantom.
The phantom is almost destroyed.
The phantom hits you.
The phantom blinks!
You blink.
You closely miss the phantom.
The phantom is almost destroyed.
The phantom closely misses you.
You hit the phantom but do no damage.
The phantom glows dangerously bright.
The phantom is almost destroyed.
The phantom completely misses you.
You hit the phantom but do no damage.
The phantom shudders as magic cascades through it!!
You destroy the phantom!
The howler monkey closely misses you. The gnoll barely misses you.
Your life force feels restored.
The howler monkey hoots and howls with incredible vigour!
The gnoll misses you. The gnoll hits you with a +0 spear!
* * * LOW HITPOINT WARNING * * *
You hear an angry growl.
Unknown command.
Casting: Scorch (safe; 10% risk of failure)
Confirm with . or Enter, or press ? or * to list all spells.
Flames lash the howler monkey.
The howler monkey is moderately wounded.
The howler monkey's fire resistance burns away.
The howler monkey hits you.
* * * LOW HITPOINT WARNING * * *
The gnoll hits you with a +0 spear.
* * * LOW HITPOINT WARNING * * *
The gnoll hits you with a +0 spear.
You die...

#.........#
##......>....
..........#
#...........
..........#
##.###.......
..........# #..#
##..... ..........#
##..##
.......#..###....##
#..........#
#.h........#
##.pg..<....#
##...g......##
#..#.......##
#..#........##
#.##.........#
#.##.......##.# #..
#......## .# ..
#....### .g ##### #


You could see a howler monkey (combustible) and 2 gnolls.

Vanquished Creatures
  An ice beast (D:5)
  A black bear (D:4)
  An ogre (D:4)
  A phantom (D:5)
  A scorpion (D:4)
  3 necrophages (D:4)
  A water moccasin zombie (D:4)
  A gnoll bouda (D:4)
  Jessica (D:2)
  3 iguanas (D:4)
  4 orc wizards
  A hound zombie (D:4)
  Robin (D:2)
  7 gnolls
  7 adders
  2 dart slugs (D:4)
  A ribbon worm (D:3)
  17 orcs
  2 bats
  4 endoplasms
  4 giant cockroaches
  13 goblins
  11 hobgoblins
  2 jackals (D:2)
  5 quokkas
  7 ball pythons
  3 frilled lizards
  8 kobolds
  A quokka zombie (D:4)
  6 rats
120 creatures vanquished.

Notes
Turn   | Place    | Note
-------+----------+-------------------------------------------
     0 | D:1      | jlumianski the Gnoll Shapeshifter began the quest for the
                  | Orb.
     0 | D:1      | Reached XP level 1. HP: 17/17 MP: 1/1
   135 | D:1      | Reached XP level 2. HP: 19/23 MP: 2/2
   163 | D:2      | Noticed Robin
   313 | D:1      | Reached XP level 3. HP: 13/28 MP: 3/3
   379 | D:2      | Killed Robin
   380 | D:2      | Reached skill level 1 in Invocations
   720 | D:2      | Reached skill level 1 in Short Blades
   720 | D:2      | Reached skill level 1 in Long Blades
   720 | D:2      | Reached skill level 1 in Axes
   720 | D:2      | Reached skill level 1 in Maces & Flails
   720 | D:2      | Reached skill level 1 in Polearms
   720 | D:2      | Reached skill level 1 in Staves
   720 | D:2      | Reached skill level 1 in Ranged Weapons
   720 | D:2      | Reached skill level 1 in Throwing
   720 | D:2      | Reached skill level 1 in Armour
   720 | D:2      | Reached skill level 1 in Stealth
   720 | D:2      | Reached skill level 1 in Shields
   720 | D:2      | Reached skill level 1 in Spellcasting
   720 | D:2      | Reached skill level 1 in Evocations
  1229 | D:1      | Reached XP level 4. HP: 34/34 MP: 5/5
  1594 | D:2      | Noticed Jessica
  1611 | D:2      | Killed Jessica
  1612 | D:2      | Reached skill level 1 in Conjurations
  1612 | D:2      | Reached skill level 1 in Hexes
  1612 | D:2      | Reached skill level 1 in Summonings
  1612 | D:2      | Reached skill level 1 in Necromancy
  1612 | D:2      | Reached skill level 1 in Translocations
  1612 | D:2      | Reached skill level 1 in Fire Magic
  1612 | D:2      | Reached skill level 1 in Ice Magic
  1612 | D:2      | Reached skill level 1 in Air Magic
  1612 | D:2      | Reached skill level 1 in Earth Magic
  1612 | D:2      | Reached skill level 1 in Alchemy
  2199 | D:3      | Reached XP level 5. HP: 30/40 MP: 7/7
  2223 | D:4      | Noticed a black bear
  2230 | D:4      | Killed a black bear
  2420 | D:3      | Reached XP level 6. HP: 38/47 MP: 8/8
  2610 | D:3      | Found an iron altar of Okawaru.
  2780 | D:3      | Found a hide-covered altar of Uskayaw.
  2927 | D:4      | HP: 1/47 [ogre/+0 giant club (17)]
  2930 | D:4      | Reached skill level 5 in Dodging
  3119 | D:4      | Found a broken altar of Ashenzari.
  3403 | D:5      | Entered Level 5 of the Dungeon
  3425 | D:4      | Reached XP level 7. HP: 46/52 MP: 10/10
  4131 | D:4      | Found a blossoming altar of Fedhas.
  4315 | D:5      | Reached XP level 8. HP: 40/60 MP: 12/12
  4572 | D:5      | Learned a level 1 spell: Summon Small Mammal
  4575 | D:5      | Learned a level 2 spell: Scorch
  4578 | D:5      | Learned a level 2 spell: Lesser Beckoning
  4897 | D:5      | HP: 2/60 [gnoll/+0 spear[a gnoll bouda] (5)]
  4897 | D:5      | Slain by a gnoll

Illustrated notes

Levels and vault maps discovered:
D:1:      minmay_arrival_pointy, layout_basic, grunt_decor_mini_mirrors,
          nicolae_eternal_life
D:2:      layout_basic, uniq_jessica, uniq_robin
D:3:      layout_loops_corners, kennysheep_okawaru_gauntlet,
          nicolae_uskayaw_suspiria
D:4:      layout_rooms, fedhas_altar_decomposition, amcnicky_altar_gilded,
          minmay_misc_feat_tiny
D:5:      layout_cave_pods, minmay_misc_feat_pillars
D:6:      layout_basic, ebering_ghost_sewer_f, minivault_5,
          chequers_mini_garden, uniq_duvessa

Skill      XL: |  1  2  3  4  5  6  7 |
---------------+----------------------+-----
Invocations    | 1 2 3 |  3.6
Short Blades   | 1 2 3 |  3.3
Long Blades    | 1 2 3 |  3.3
Axes           | 1 2 3 |  3.3
Maces & Flails | 1 2 3 |  3.3
Polearms       | 1 2 3 |  3.3
Staves         | 1 2 3 |  3.3
Ranged Weapons | 1 2 3 |  3.3
Throwing       | 1 2 3 |  3.3
Armour         | 1 2 3 |  3.3
Stealth        | 1 2 3 |  3.3
Shields        | 1 2 3 |  3.3
Spellcasting   | 1 2 3 |  3.3
Evocations     | 1 2 3 |  3.3
Conjurations   | 1 2 |  2.7
Hexes          | 1 2 |  2.7
Summonings     | 1 2 |  2.7
Necromancy     | 1 2 |  2.7
Translocations | 1 2 |  2.7
Fire Magic     | 1 2 |  2.7
Ice Magic      | 1 2 |  2.7
Air Magic      | 1 2 |  2.7
Earth Magic    | 1 2 |  2.7
Alchemy        | 1 2 |  2.7
Fighting       | 3 4 |  4.2
Dodging        | 5 |  5.7
Unarmed Combat | 7 |  7.4
Shapeshifting  | 7 |  7.2

Action                     |  1- 3 |  4- 6 |  7- 9 || total
---------------------------+-------+-------+-------++-------
  Melee: Unarmed           |    73 |   112 |   154 ||   339
         Bite              |     6 |    10 |    20 ||    36
         Punch             |     1 |     4 |     2 ||     7
  Throw: Boomerang         |       |     7 |     2 ||     9
   Cast: Scorch            |       |       |     5 ||     5
    Use: Potion            |       |     1 |       ||     1
         Scroll            |       |     6 |     3 ||     9
   Stab: Sleeping          |     1 |       |       ||     1
 Armour: Animal skin       |    36 |       |       ||    36
         Leather armour    |     6 |       |       ||     6
         Scale mail        |       |    50 |    25 ||    75
         Skin              |       |     9 |    25 ||    34
         Chain mail        |       |       |    35 ||    35
  Dodge: Dodged            |    49 |    44 |    95 ||   188
   Form: Flux              |       |       |     1 ||     1

Table legend: (Time is in decaauts)
 A = Elapsed time spent in this place.
 B = Non-inter-level travel time spent in this place.
 C = Inter-level travel time spent in this place.
 D = Time resting spent in this place.
 E = Time spent auto-exploring this place.
 F = Levels seen in this place.
 G = Mean time per level.
                   A        B        C        D        E       F      G
               +--------+--------+--------+--------+--------+-----+--------+
         Total |   4887 |   4752 |    135 |    759 |   2255 |   6 |  814.5 |
       Dungeon |   4887 |   4752 |    135 |    759 |   2255 |   6 |  814.5 |
               +--------+--------+--------+--------+--------+-----+--------+

Top non-repeatable levels by time:
     D:4: 1520 daAuts
     D:1: 992 daAuts
     D:2: 942 daAuts
     D:3: 871 daAuts
     D:5: 552 daAuts
     D:6: 8 daAuts
